 Dungeon Crawl Stone Soup version 0.29-a0-520-gc852659d43 (webtiles) character file.

Game seed: 11293916625792311050

93 siradein the Bolt Thrower (level 4, -8/28 HPs)
             Began as a Kobold Hunter on May 31, 2022.
             Mangled by an ice beast (14 damage)
             ... on level 3 of the Dungeon.
             The game lasted 00:06:00 (2557 turns).

siradein the Bolt Thrower (Kobold Hunter)           Turns: 2557, Time: 00:06:02

Health: -8/28      AC:  4    Str:  8    XL:     4   Next: 92%
Magic:  4/4        EV: 15    Int: 10    God:
Gold:   132        SH:  5    Dex: 20    Spells: 3/3 levels left

rFire   . . .      SeeInvis .   b - +2 dagger (speed)
rCold   . . .      Faith    .   (no shield)
rNeg    . . .      Spirit   .   n - +0 leather armour
rPois   .          Reflect  +   (no helmet)
rElec   .          Harm     .   (no cloak)
rCorr   .          Rampage  .   k - +0 pair of gloves
Will    .....                   (no boots)
Stlth   +++.......              j - amulet of reflection
HPRegen 0.09/turn               (no ring)
MPRegen 0.09/turn               (no ring)

@: no status effects
A: small, no large weapons, nightstalker 3
a: no special abilities


You were on level 3 of the Dungeon.
You visited 1 branch of the dungeon, and saw 3 of its levels.

You collected 132 gold pieces.

Inventory:

Hand Weapons
 a - a +1 hand crossbow
 b - a +2 dagger of speed (weapon)
Missiles
 d - 7 poisoned darts
Armour
 k - a +0 pair of gloves (worn)
 n - a +0 leather armour (worn)
Jewellery
 j - an amulet of reflection (around neck)
Scrolls
 c - a scroll of immolation
 f - a scroll of amnesia {unknown}
 g - 2 scrolls of identify {unknown}
 m - a scroll of teleportation {unknown}
Potions
 e - a potion of curing {unknown}
 h - a potion of flight {unknown}
 i - a potion of cancellation {unknown}
 l - a potion of attraction {unknown}
 o - a potion of lignification {unknown}
 p - a potion of might {unknown}
 q - a potion of magic {unknown}
 r - a potion of haste {unknown}


   Skills:
 + Level 3.1 Fighting
 + Level 6.1 Crossbows
 + Level 3.5 Dodging
 + Level 3.2 Stealth


You had 3 spell levels left.
You didn't know any spells.
Your spell library contained the following spells:

 Spells                   Type           Power      Damage    Failure   Level
 Apportation              Tloc           0%         N/A       50%         1
 Necrotize                Necr           0%         1d4       50%         1
 Summon Small Mammal      Summ           0%         N/A       50%         1
 Sublimation of Blood     Necr           0%         N/A       63%         2
 Wereblood                Tmut           0%         N/A       63%         2
 Blade Hands              Tmut           0%         N/A       100%        5
 Irradiate                Conj/Tmut      0%         3d13      100%        5
 Dragon Form              Tmut           0%         N/A       100%        7
 Summon Hydra             Summ           0%         N/A       100%        7


Dungeon Overview and Level Annotations

Branches:
Dungeon (3/15)

Altars:


Innate Abilities, Weirdness & Mutations

You are small and have problems with some larger weapons.
You are completely attuned to the shadows.


Message History

You open the large door.
There is a large open door here.
You enter the shallow water.
Moving in this stuff is going to be slow.
There is a large open door here.
You see here a +0 robe.
You shoot a bolt. The bolt hits the ice beast!
The ice beast is moderately wounded.
You shoot a bolt. The bolt hits the ice beast.
The ice beast is heavily wounded.
The ice beast hits you. The ice beast freezes you! The ice beast misses you.
You are too injured to fight recklessly!
You are too injured to fight recklessly!
You are too injured to fight recklessly!
Your hands tingle!
b - a +2 dagger of speed (weapon)
You hit the ice beast but do no damage.
The ice beast is heavily wounded.
You block the ice beast's attack.
You barely miss the ice beast.
The ice beast is heavily wounded.
The ice beast barely misses you.
You hit the ice beast.
The ice beast is heavily wounded.
You hit the ice beast.
The ice beast is severely wounded.
The ice beast closely misses you.
You hit the ice beast.
The ice beast is severely wounded.
The ice beast hits you. The ice beast freezes you.
* * * LOW HITPOINT WARNING * * *
You barely miss the ice beast.
The ice beast is severely wounded.
You barely miss the ice beast.
The ice beast is severely wounded.
The ice beast hits you.
* * * LOW HITPOINT WARNING * * *
The ice beast freezes you!
Ouch! That really hurt!
You die...

#.####..#...# ≈
#.......##### ≈
#######.# # #.# #
#.# ######
##.######### #.....
#........... #.#
#.#######..#####.###
#.#
#.Y@...[......##.#
#.#
########......##.###
#.# ##...#.......
#.# #..#####.### #.#
#........### #.#
##.#####.... #.####
##'######### #>...#
##.....###... ####.#
##.....##....#


You could see an ice beast.

Vanquished Creatures
  3 adders
  A worm (D:2)
  2 dart slugs
  An orc (D:3)
  7 ball pythons
  5 endoplasms
  A giant cockroach (D:3)
  3 hobgoblins
  8 jackals (D:2)
  4 kobolds
  A quokka (D:2)
  4 bats
  4 frilled lizards
  6 goblins
  5 rats
55 creatures vanquished.

Notes
Turn   | Place    | Note
-------+----------+-------------------------------------------
     0 | D:1      | siradein the Kobold Hunter began the quest for the Orb.
     0 | D:1      | Reached XP level 1. HP: 12/12 MP: 1/1
   361 | D:1      | Reached XP level 2. HP: 18/18 MP: 2/2
   884 | D:2      | Reached XP level 3. HP: 22/22 MP: 3/3
  1456 | D:2      | Reached XP level 4. HP: 27/27 MP: 4/4
  2051 | D:3      | Reached skill level 6 in Crossbows
  2376 | D:3      | Noticed an ice beast
  2557 | D:3      | Mangled by an ice beast

Illustrated notes

Levels and vault maps discovered:
D:1:      dpeg_arrival_rooms_c, layout_basic
D:2:      layout_rooms, serial_co_window_serial, co_window_corner_a,
          co_window_corner_a, co_window_paths_a, co_window_paths_b,
          co_window_corner_a, co_window_unsneaky_path_e,
          co_window_unsneaky_path_b, co_window_broadway_b, co_window_paths_c,
          co_window_2corner, co_window_sun, glass_columns_b, glass_columns_b,
          glass_columns_c, glass_columns_b, glass_columns_c,
          minmay_misc_feat_iff
D:3:      kennysheep_big_flooded_room, layout_loops_corners,
          nrook_mini_backslash, hangedman_decor_lopped

Skill      XL: |  1  2  3  4 |
---------------+-------------+-----
Stealth        | 2 3 |  3.2
Dodging        | 3 |  3.5
Crossbows      | 6 |  6.1
Fighting       | 3 |  3.1

Action                   |  1- 3 |  4- 6 || total
-------------------------+-------+-------++-------
Melee: Dagger            |    29 |    32 ||    61
 Fire: Hand crossbow     |    46 |    49 ||    95
Armor: Leather armour    |     5 |     8 ||    13
Dodge: Dodged            |    21 |    23 ||    44
Block: Other             |     9 |     7 ||    16

Table legend: (Time is in decaauts)
 A = Elapsed time spent in this place.
 B = Non-inter-level travel time spent in this place.
 C = Inter-level travel time spent in this place.
 D = Time resting spent in this place.
 E = Time spent auto-exploring this place.
 F = Levels seen in this place.
 G = Mean time per level.
                   A        B        C        D        E       F      G
               +--------+--------+--------+--------+--------+-----+--------+
         Total |   2553 |   2520 |     33 |      0 |   2151 |   3 |  851.0 |
       Dungeon |   2553 |   2520 |     33 |      0 |   2151 |   3 |  851.0 |
               +--------+--------+--------+--------+--------+-----+--------+

Top non-repeatable levels by time:
     D:2: 1234 daAuts
     D:1: 807 daAuts
     D:3: 511 daAuts
